 Dungeon Crawl Stone Soup version 0.21.1-1-g345015f (webtiles) character file.

43 lotte the Magician (level 3, -1/19 HPs)
             Began as a Deep Elf Wizard on July 1, 2018.
             Killed from afar by Sigmund (8 damage)
             ... with a puff of flame
             ... on level 2 of the Dungeon.
             The game lasted 00:06:44 (1461 turns).

lotte the Magician (Deep Elf Wizard)                Turns: 1461, Time: 00:06:46

Health: -1/19      AC:  2    Str:  4    XL:     3   Next: 37%
Magic:  2/12       EV: 13    Int: 23    God:
Gold:   70         SH:  0    Dex: 13    Spells: 5/14 levels left

rFire    . . .     SeeInvis .   m - +3 short sword
rCold    . . .     Gourm    .   (no shield)
rNeg     . . .     Faith    .   a - +0 robe
rPois    .         Spirit   .   b - +0 hat
rElec    .         Reflect  .   (no cloak)
rCorr    .         Harm     .   (no gloves)
MR       .....                  (no boots)
Stlth    ++........             (no amulet)
HPRegen  0.06/turn              (no ring)
MPRegen  0.13/turn              (no ring)

@: very slightly contaminated
A: no striking features
a: no special abilities


You were on level 2 of the Dungeon.
You were not hungry.

You visited 1 branch of the dungeon, and saw 2 of its levels.

You collected 70 gold pieces.

Inventory:

Hand Weapons
 j - a +0 short sword
 m - a +3 short sword (weapon)
Armour
 a - a +0 robe (worn)
 b - a +0 hat (worn)
Scrolls
 e - 2 scrolls of remove curse {unknown}
 f - a scroll of amnesia {unknown}
 g - 2 scrolls of identify {unknown}
 l - 3 scrolls of enchant armour {unknown}
 o - a scroll of fear {unknown}
Potions
 h - a potion of heal wounds {unknown}
 i - 2 potions of curing {unknown}
 k - a potion of brilliance {unknown}
Books
 c - a book of Minor Magic

   Spells                             Type                      Level
   a - Magic Dart                     Conjuration                  1
   b - Blink                          Translocation                2
   c - Call Imp                       Summoning                    2
   d - Slow                           Hexes                        2
   e - Conjure Flame                  Conjuration/Fire             3
   f - Mephitic Cloud                 Conjuration/Poison/Air       3
Comestibles
 d - 3 rations
 n - a chunk of flesh


   Skills:
 - Level 2.4 Dodging
 - Level 2.4 Stealth
 * Level 6.2 Spellcasting
 - Level 1.1 Conjurations
 + Level 1.1 Summonings
   Level 1.1 Translocations


You had 5 spell levels left.
You knew the following spells:

 Your Spells              Type           Power        Failure   Level  Hunger
a - Magic Dart            Conj           ##..         5%          1    None
b - Call Imp              Summ           ##......     8%          2    None
c - Mephitic Cloud        Conj/Pois/Air  #.......     22%         3    #......
d - Conjure Flame         Conj/Fire      #.......     21%         3    #......


Dungeon Overview and Level Annotations

Branches:
Dungeon (2/15)

Altars:

Annotations:
D:2 Sigmund


Message History

Your white imp barely misses Sigmund.
Casting: Call Imp
Confirm with . or Enter, or press ? or * to list all spells.
A beastly little devil appears in a puff of frigid air.
Sigmund gestures at you while chanting.
Your white imp appears confused.
Your crimson imp hits Sigmund.
Your crimson imp misses Sigmund.
Your white imp hits Sigmund.
Your white imp freezes Sigmund.
Your white imp hits your white imp but does no damage.
Sigmund hits your white imp with a scythe.
Your crimson imp blinks!
Your white imp closely misses Sigmund.
Sigmund gestures at you while chanting. The puff of flame hits your white imp.
Your white imp is burned terribly!
Your white imp dies!
Sigmund casts a spell at you. The puff of flame hits you!
You die...

# #..#.#.)..#.#.# ..
.)...........># #.
#..#.##.#.#.### #. #....
#.#.#.# ##.#+#ยง#####.#.#.#
#....5@......#.#.#
##+#.....########.#.#
.........+.....(....#
#.......@.# ######.###
#.........###### #>#
##+#####....#.##......# #.#
#......#....#. #......# #.#
#......#....#. #......###.#
##......#....#. +..........#
#.......###'#####......#####
........##.......#####.#
.#.#.#.###..####.# ###


You could see Sigmund and a friendly white imp (confused).

Vanquished Creatures
  A dart slug (D:1)
  A leopard gecko (D:1)
  6 bats (D:1)
  4 giant cockroaches (D:1)
  5 goblins (D:1)
  3 hobgoblins
  7 kobolds
  2 ball pythons
  3 frilled lizards
  5 rats
37 creatures vanquished.

Notes
Turn   | Place    | Note
-------+----------+-------------------------------------------
     0 | D:1      | lotte the Deep Elf Wizard began the quest for the Orb.
     0 | D:1      | Reached XP level 1. HP: 10/10 MP: 7/7
   181 | D:1      | Reached skill level 5 in Spellcasting
   223 | D:1      | Reached XP level 2. HP: 15/15 MP: 7/10
   799 | D:1      | Reached XP level 3. HP: 19/19 MP: 10/12
   803 | D:1      | Learned a level 2 spell: Call Imp
   807 | D:1      | Learned a level 3 spell: Mephitic Cloud
   811 | D:1      | Learned a level 3 spell: Conjure Flame
   841 | D:1      | Reached skill level 6 in Spellcasting
  1404 | D:2      | Noticed Sigmund
  1461 | D:2      | Killed from afar by Sigmund

Skill      XL: |  1  2  3 |
---------------+----------+-----
Spellcasting   | 5 6 |  6.2
Dodging        | |  2.4
Stealth        | |  2.4
Conjurations   | |  1.1
Summonings     | |  1.1
Translocations | |  1.1

Action                   || total
-------------------------++-------
 Cast: Magic Dart        ||    74
       Call Imp          ||     7
  Eat: Chunk             ||     1
Armor: Robe              ||     2
Dodge: Dodged            ||     2
